 Dungeon Crawl Stone Soup version 0.31.0-12-g77e489cdc1 (webtiles) character file.

Game seed: 10924299746015971782

22 globin the Covered (level 2, 0/19 HPs)
             Began as a Gargoyle Fighter on Mar 3, 2024.
             Slain by a goblin
             ... wielding a +0 club
              (1 damage)
             ... on level 2 of the Dungeon.
             The game lasted 00:01:24 (467 turns).

globin the Covered (Gargoyle Fighter)                Turns: 467, Time: 00:01:24

Health: 0/19       AC:  9    Str: 19    XL:     2   Next: 91%
Magic:  2/2        EV:  6    Int:  8    God:
Gold:   55         SH:  4    Dex:  9    Spells: 1/1 levels left

rFire   . . .        a - +0 flail
rCold   . . .        c - +0 buckler
rNeg    + . .        b - +0 scale mail
rPois   ∞            (no helmet)
rElec   +            (no cloak)
rCorr   .            (no gloves)
SInv    .            (no boots)
Will    .....        (no amulet) Stlth
                     (no ring)
HPRegen 0.23/turn    (no ring)
MPRegen 0.08/turn

%: no passive effects
@: mighty, constricted
A: sickness immunity, AC +2, negative energy resistance 1, electricity
resistance, torment resistance 1, petrification resistance
a: no special abilities


You were on level 2 of the Dungeon.
You visited 1 branch of the dungeon, and saw 2 of its levels.

You collected 55 gold pieces.

Inventory:

Hand Weapons
 a - a +0 flail (weapon)
Missiles
 g - a throwing net (quivered)
Armour
 b - a +0 scale mail (worn)
 c - a +0 buckler (worn)
Scrolls
 f - a scroll of identify {unknown}
Potions
 e - a potion of brilliance {unknown}
 h - a potion of resistance {unknown}
 i - a potion of lignification {unknown}


   Skills:
 + Level 3.5 Fighting
 + Level 2.0 Maces & Flails
 + Level 3.8 Armour
 * Level 0.5 Dodging
 + Level 3.3 Shields
 * Level 0.3 Spellcasting


You had one spell level left.
You didn't know any spells.
Your spell library contained the following spells:

 Spells                   Type           Power      Damage    Failure   Level
 Ensorcelled Hibernation  Hex/Ice        0%         N/A       93%         2
 Fugue of the Fallen      Necr           0%         N/A       99%         3
 Anguish                  Hex/Necr       0%         N/A       100%        4


Dungeon Overview and Level Annotations

Branches:
Dungeon (1/15)

Altars:


Innate Abilities, Weirdness & Mutations

You are immune to sickness and miasma.
Your stone body is resilient. (AC +2)
You are immune to poison.
You resist negative energy. (rN+)
You are resistant to electric shocks. (rElec)
You are resistant to unholy torment.
You are immune to petrification.


Message History

The ribbon worm is severely wounded.
The bat hits you but does no damage. The bat barely misses you.
The bat closely misses you. You block the bat's attack.
The ball python bites you but does no damage.
The ball python constricts you.
The hobgoblin hits you but does no damage.
You block the goblin's attack.
The ribbon worm expels a string of sticky webbing.
The stream of webbing hits you but does no damage.
You are caught in a web!
The ball python barely misses you. The ball python constricts you.
You feel very mighty all of a sudden. The bat hits you.
The bat hits you but does no damage. x3
The hobgoblin hits you but does no damage.
The goblin hits you with a +0 club. The ribbon worm completely misses you.
The ball python bites you but does no damage.
The ball python constricts you.
The web tears apart.
The bat hits you but does no damage. x2
The goblin hits you with a +0 club. You block the hobgoblin's attack.
The ball python bites you but does no damage.
The ball python constricts you. You block the ribbon worm's attack.
You sock the ribbon worm!
You kill the ribbon worm!
The bat barely misses you. The bat hits you but does no damage.
The hobgoblin hits you. You block the goblin's attack.
You block the ball python's attack. The ball python constricts you.
The bat hits you. The goblin hits you but does no damage.
The hobgoblin completely misses you. The endoplasm freezes you.
You are frozen.
* * * LOW HITPOINT WARNING * * *
You closely miss the ball python. The bat hits you but does no damage.
You block the bat's attack.
The ball python bites you but does no damage.
The ball python constricts you.
* * * LOW HITPOINT WARNING * * *
The bat hits you.
* * * LOW HITPOINT WARNING * * *
The goblin hits you with a +0 club.
You die...

#.!........ #.....$....
#############.........
...........#......#####
.......................
........$..#.###########
...........#.# #........
...........#.###.#######
......b@g..#...........#
....b.JSg#######.#####.#
.........# #.....#.#
.........# #####.#..
.......... #..
........... #..
........... #..
............ #.. #..


You could see an endoplasm, a hobgoblin, a goblin, 2 bats and a ball python.

Vanquished Creatures
  A dart slug (D:1)
  2 ribbon worms (D:2)
  3 endoplasms
  A giant cockroach (D:1)
  A goblin (D:1)
  A hobgoblin (D:1)
  A ball python (D:1)
  2 bats (D:1)
  A frilled lizard (D:1)
  3 rats (D:1)
16 creatures vanquished.

Notes
Turn   | Place    | Note
-------+----------+-------------------------------------------
     0 | D:1      | globin the Gargoyle Fighter began the quest for the Orb.
     0 | D:1      | Reached XP level 1. HP: 14/14 MP: 1/1
   171 | D:1      | Reached XP level 2. HP: 18/19 MP: 2/2
   386 | D:1      | You fall into a shaft and drop 1 floor!
   467 | D:2      | Slain by a goblin

Illustrated notes

Levels and vault maps discovered:
D:1:      roderic_crop_circles_arrival_small, layout_basic
D:2:      layout_basic, serial_bayou_pond_d, minmay_rat_hole

Action                     || total
---------------------------++-------
  Melee: Flail             ||    57
    Use: Potion            ||     1
 Armour: Scale mail        ||    72
  Dodge: Dodged            ||    51
  Block: Buckler           ||    17
